 Dungeon Crawl Stone Soup version 0.21.1-1-g345015f (webtiles) character file.

1875 inmateoo the Slasher (level 9, -11/59 HPs)
             Began as a Gnoll Wanderer on Feb 5, 2018.
             Was a Priest of Ru.
             Mangled by a wyvern (15 damage)
             ... on level 8 of the Dungeon.
             The game lasted 00:26:02 (14285 turns).

inmateoo the Slasher (Gnoll Wanderer)              Turns: 14285, Time: 00:26:03

Health: -11/59     AC:  7    Str: 17    XL:     9   Next: 14%
Magic:  11/11      EV: 10    Int: 17    God:    Ru [***...]
Gold:   309        SH:  0    Dex: 16    Spells: 15/15 levels left

rFire    . . .     SeeInvis .   e - +0 dagger (curse)
rCold    . . .     Gourm    .   (no shield)
rNeg     . . .     Faith    .   p - +0 scale mail
rPois    +         Spirit   .   (no helmet)
rElec    .         Reflect  .   (no cloak)
rCorr    .         Harm     .   (no gloves)
MR       .....                  (no boots)
Stlth    +.........             o - amulet of regeneration
HPRegen  0.59/turn              b - +3 ring of dexterity
MPRegen  0.12/turn              g - ring of wizardry

@: exhausted, heavily drained
A: distributed training, fangs 1, frail 1, low mp 2, poison resistance,
cowardly, inexperienced 1, strong nose
a: Draw Out Power, Renounce Religion


You were on level 8 of the Dungeon.
You worshipped Ru.
Ru was most pleased with you.
You were not hungry.

You visited 1 branch of the dungeon, and saw 8 of its levels.

You collected 345 gold pieces.
You spent 36 gold pieces at shops.

Inventory:

Hand Weapons
 c - a +1 hand axe
 e - a cursed +0 dagger (weapon)
 i - a +2 dagger of draining
 m - a +0 falchion of electrocution
 q - a +2 spear of venom
Armour
 p - a +0 scale mail (worn)
Jewellery
 b - a +3 ring of dexterity (left hand)
 g - a ring of wizardry (right hand)
 o - an amulet of regeneration (around neck)
 s - a +2 amulet of reflection
Scrolls
 f - a scroll of enchant armour
 j - 2 scrolls of amnesia
 k - 2 scrolls of enchant weapon
 l - 6 scrolls of identify
 n - 2 scrolls of teleportation
Potions
 h - 2 potions of cancellation
Miscellaneous
 a - a lamp of fire (inert)
Comestibles
 d - 3 rations


   Skills:
 + Level 4.7(2.7) Fighting
 + Level 3.9(1.9) Short Blades
 + Level 7.7(5.5) Long Blades
 + Level 6.1(4.0) Axes
 + Level 3.9(1.9) Maces & Flails
 + Level 3.9(1.9) Polearms
 + Level 3.9(1.9) Staves
 + Level 3.9(1.9) Slings
 + Level 3.9(1.9) Bows
 + Level 3.9(1.9) Crossbows
 + Level 3.9(1.9) Throwing
 + Level 6.1(4.0) Armour
 + Level 3.9(1.9) Dodging
 + Level 4.6(2.6) Stealth
 + Level 3.9(1.9) Shields
 + Level 3.9(1.9) Unarmed Combat
 + Level 3.9(1.9) Spellcasting
 + Level 3.2(1.2) Conjurations
 + Level 3.2(1.2) Hexes
 + Level 3.2(1.2) Charms
 + Level 3.2(1.2) Summonings
 + Level 3.2(1.2) Necromancy
 + Level 3.2(1.2) Translocations
 + Level 3.2(1.2) Transmutations
 + Level 3.2(1.2) Fire Magic
 + Level 3.2(1.2) Ice Magic
 + Level 3.2(1.2) Air Magic
 + Level 3.2(1.2) Earth Magic
 + Level 3.2(1.2) Poison Magic
 + Level 4.3(2.3) Invocations
 + Level 4.7(2.7) Evocations


You had 15 spell levels left.
You didn't know any spells.

Dungeon Overview and Level Annotations

Branches:
Dungeon (8/15)             Temple (0/1) D:6
   Lair: D:8-11

Altars:
Fedhas
Kikubaaqudgha
Nemelex Xobeh
Ru
Sif Muna
Uskayaw
Vehumet
Xom

Shops:
D:4 *

Annotations:
D:5 Edmund


Innate Abilities, Weirdness & Mutations

Your experience applies equally to all skills.
You have very sharp teeth.
Your cowardice makes you less effective in combat with threatening monsters.
You are somewhat inexperienced. (-2 XL)
Your uncanny sense of smell can sniff out nearby items.
You are frail. (-10% HP)
Your magical capacity is very low. (-20% MP)
Your system is resistant to poisons. (rPois)


Message History

* * * LOW HITPOINT WARNING * * *
You hit the wyvern but do no damage.
The wyvern is moderately wounded.
The wyvern is no longer moving slowly.
The wyvern barely misses you.
You're too exhausted to draw out your power.
Okay, then.
As you read the scroll of enchant weapon, it crumbles to dust.
Your cursed -1 dagger glows red for a moment.
The wyvern barely misses you. The wyvern closely misses you.
Okay, then.
You feel extremely strange.
You feel frail.
You feel conductive.
Your rugged brown scales disappear.
You feel less energetic. x2; You feel frail.
You feel resistant to poisons. The wyvern closely misses you.
You hit the wyvern but do no damage.
The wyvern is moderately wounded.
The wyvern bites you!
* * * LOW HITPOINT WARNING * * *
The wyvern bites you!
You die...

.####.##### #.#
.####.##### #.#
..........# #.#
......##### #.#
.......#######.######
.......'............#
.......##############
.......'.........#
.......#########@#
.......# #l# .......#
#.# .......# #.#
.......# #.# ###'####
#.# # #.# #.# # #.#
#.# # #.#


You could see a wyvern.

Vanquished Creatures
  An orc warrior (D:6)
  2 phantoms
  2 ogres (D:6)
  A centaur (D:6)
  2 bullfrogs
  A killer bee (D:7)
  2 howler monkeys
  A crimson imp (D:3)
  A centaur zombie (D:7)
  4 hounds
  3 orc priests
  2 bullfrog skeletons (D:5)
  2 iguanas
  7 orc wizards
  5 worker ants
  10 gnolls
  6 adders
  4 shadow imps
  An ooze (D:3)
  An adder skeleton (D:5)
  3 worms
  2 dart slugs
  3 leopard geckos
  34 orcs
  2 bat zombies (D:6)
  6 giant cockroaches
  7 hobgoblins
  11 jackals
  7 kobolds
  3 quokkas
  6 bats
  3 frilled lizards
  8 goblins
  A jackal skeleton (D:3)
  6 rats
  A rat zombie (D:6)
161 creatures vanquished.

Vanquished Creatures (others)
  A centaur (D:5)
  2 bullfrogs (D:7)
  3 orc wizards
  A leopard gecko (D:6)
  An orc (D:5)
8 creatures vanquished.

Grand Total: 169 creatures vanquished

Notes
Turn   | Place    | Note
-------+----------+-------------------------------------------
     0 | D:1      | inmateoo the Gnoll Wanderer began the quest for the Orb.
     0 | D:1      | inmateoo set off with: a lamp of fire, a +0 ring mail, a +0 hand axe, a ration
     0 | D:1      | Reached XP level 1. HP: 17/17 MP: 2/2
   123 | D:1      | Reached XP level 2. HP: 20/23 MP: 3/3
   596 | D:2      | Reached XP level 3. HP: 25/28 MP: 4/4
   605 | D:2      | Found a faded altar of an unknown god.
   613 | D:2      | Became a worshipper of Ru the Awakened
   660 | D:3      | Gained mutation: You are somewhat inexperienced. (-2 XL) [Ru sacrifice]
   660 | D:3      | Reached XP level 2. HP: 17/23 MP: 3/3
   660 | D:3      | Reached XP level 1. HP: 17/17 MP: 2/2
   660 | D:3      | Reached * piety under Ru
   660 | D:3      | Reached ** piety under Ru
  1169 | D:2      | Reached XP level 2. HP: 19/23 MP: 3/3
  1265 | D:2      | Reached skill level 1 in Invocations
  1416 | D:2      | Reached skill level 1 in Short Blades
  1416 | D:2      | Reached skill level 1 in Maces & Flails
  1416 | D:2      | Reached skill level 1 in Polearms
  1416 | D:2      | Reached skill level 1 in Staves
  1416 | D:2      | Reached skill level 1 in Slings
  1416 | D:2      | Reached skill level 1 in Bows
  1416 | D:2      | Reached skill level 1 in Crossbows
  1416 | D:2      | Reached skill level 1 in Throwing
  1416 | D:2      | Reached skill level 1 in Dodging
  1416 | D:2      | Reached skill level 1 in Shields
  1416 | D:2      | Reached skill level 1 in Unarmed Combat
  1416 | D:2      | Reached skill level 1 in Spellcasting
  1416 | D:2      | Reached XP level 3. HP: 18/28 MP: 3/5
  1808 | D:3      | Reached XP level 4. HP: 21/34 MP: 6/6
  1909 | D:3      | Reached skill level 1 in Conjurations
  1909 | D:3      | Reached skill level 1 in Hexes
  1909 | D:3      | Reached skill level 1 in Charms
  1909 | D:3      | Reached skill level 1 in Summonings
  1909 | D:3      | Reached skill level 1 in Necromancy
  1909 | D:3      | Reached skill level 1 in Translocations
  1909 | D:3      | Reached skill level 1 in Transmutations
  1909 | D:3      | Reached skill level 1 in Fire Magic
  1909 | D:3      | Reached skill level 1 in Ice Magic
  1909 | D:3      | Reached skill level 1 in Air Magic
  1909 | D:3      | Reached skill level 1 in Earth Magic
  1909 | D:3      | Reached skill level 1 in Poison Magic
  2319 | D:3      | Reached XP level 5. HP: 39/41 MP: 7/7
  2613 | D:3      | Found a deep blue altar of Sif Muna.
  2977 | D:4      | Noticed a phantom
  3005 | D:4      | Gained mutation: You are robust. (+10% HP) [potion of mutation]
  3005 | D:4      | Gained mutation: You are resistant to electric shocks. (rElec) [potion of mutation]
  3005 | D:4      | Gained mutation: You are partially covered in rugged brown scales. (AC +1, +3% HP) [potion of mutation]
  3019 | D:4      | Reached XP level 6. HP: 18/53 MP: 8/8
  3020 | D:4      | Killed a phantom
  3020 | D:4      | Reached skill level 5 in Axes
  3020 | D:4      | Reached skill level 5 in Armour
  3227 | D:4      | Found Sizehuz's General Store.
  4208 | D:4      | Reached XP level 7. HP: 11/58 MP: 10/10
  4232 | D:4      | Gained mutation: Your cowardice makes you less effective in combat with threatening monsters. [Ru sacrifice]
  4232 | D:4      | Reached *** piety under Ru
  4348 | D:5      | Entered Level 5 of the Dungeon
  4608 | D:4      | Reached skill level 7 in Long Blades
  4864 | D:5      | Found a deep blue altar of Sif Muna.
  5336 | D:4      | Bought a scroll of teleportation for 36 gold pieces
  7953 | D:5      | Found a blossoming altar of Fedhas.
  8407 | D:6      | Reached XP level 8. HP: 25/67 MP: 12/12
  8792 | D:6      | Found a radiant altar of Vehumet.
 11072 | D:6      | Noticed Edmund
 11104 | D:5      | Found a radiant altar of Vehumet.
 11104 | D:5      | Found a shimmering altar of Xom.
 11133 | D:5      | Found a sacrificial altar of Ru.
 11639 | D:6      | Found a staircase to the Ecumenical Temple.
 11762 | D:6      | Found an ancient bone altar of Kikubaaqudgha.
 13396 | D:7      | Reached XP level 9. HP: 37/74 MP: 14/14
 13894 | D:7      | Found a sparkling altar of Nemelex Xobeh.
 13895 | D:7      | Found a deep blue altar of Sif Muna.
 13896 | D:7      | Found a hide-covered altar of Uskayaw.
 14284 | D:8      | Lost mutation: You are robust. (+10% HP) [potion of mutation]
 14284 | D:8      | Lost mutation: You are resistant to electric shocks. (rElec) [potion of mutation]
 14284 | D:8      | Lost mutation: You are partially covered in rugged brown scales. (AC +1, +3% HP) [potion of mutation]
 14284 | D:8      | Gained mutation: Your magical capacity is low. (-10% MP) [potion of mutation]
 14284 | D:8      | Gained mutation: Your magical capacity is very low. (-20% MP) [potion of mutation]
 14284 | D:8      | Gained mutation: You are frail. (-10% HP) [potion of mutation]
 14284 | D:8      | Gained mutation: Your system is resistant to poisons. (rPois) [potion of mutation]
 14285 | D:8      | Mangled by a wyvern

Skill      XL: |  1  2  3  4  5  6  7  8 |
---------------+-------------------------+-----
Invocations    | 1 2 3 4 |  4.3
Short Blades   | 1 2 3 |  3.9
Maces & Flails | 1 2 3 |  3.9
Polearms       | 1 2 3 |  3.9
Staves         | 1 2 3 |  3.9
Slings         | 1 2 3 |  3.9
Bows           | 1 2 3 |  3.9
Crossbows      | 1 2 3 |  3.9
Throwing       | 1 2 3 |  3.9
Dodging        | 1 2 3 |  3.9
Shields        | 1 2 3 |  3.9
Unarmed Combat | 1 2 3 |  3.9
Spellcasting   | 1 2 3 |  3.9
Conjurations   | 1 2 3 |  3.2
Hexes          | 1 2 3 |  3.2
Charms         | 1 2 3 |  3.2
Summonings     | 1 2 3 |  3.2
Necromancy     | 1 2 3 |  3.2
Translocations | 1 2 3 |  3.2
Transmutations | 1 2 3 |  3.2
Fire Magic     | 1 2 3 |  3.2
Ice Magic      | 1 2 3 |  3.2
Air Magic      | 1 2 3 |  3.2
Earth Magic    | 1 2 3 |  3.2
Poison Magic   | 1 2 3 |  3.2
Fighting       | 3 4 |  4.7
Evocations     | 3 4 |  4.7
Stealth        | 3 4 |  4.6
Axes           | 5 6 |  6.1
Armour         | 5 6 |  6.1
Long Blades    | 7 |  7.7

Action                   |  1- 3 |  4- 6 |  7- 9 || total
-------------------------+-------+-------+-------++-------
Melee: Hand axe          |   144 |    91 |       ||   235
       Dagger            |    95 |   171 |  1703 ||  1969
       Bite              |    32 |    24 |   188 ||   244
       Punch             |       |       |     5 ||     5
Throw: Throwing net      |       |     1 |     1 ||     2
Invok: Sacrifice Experie |     1 |       |       ||     1
       Draw Out Power    |       |       |    19 ||    19
       Sacrifice Courage |       |       |     1 ||     1
       Reject Sacrifices |       |       |     1 ||     1
Evoke: Wand              |       |    11 |    34 ||    45
       Lamp of fire      |       |     1 |     1 ||     2
  Use: Scroll            |     6 |     2 |    10 ||    18
       Potion            |       |     1 |     5 ||     6
 Stab: Invisible         |     1 |     3 |    15 ||    19
       Distracted        |       |     1 |     3 ||     4
       Held in net/web   |       |       |     1 ||     1
  Eat: Chunk             |     3 |     7 |    23 ||    33
       Ration            |       |       |     4 ||     4
Armor: Ring mail         |   117 |   104 |   619 ||   840
       Scale mail        |       |       |    21 ||    21
Dodge: Dodged            |   154 |   147 |   932 ||  1233
